 Seeded DCSS version 0.25-a0-591-g2ad0d86 (webtiles) character file.

Game seed: 5401609482515749458, levelgen mode: deterministic

42 MrTaco21 the Skirmisher (level 3, 0/33 HPs)
             Began as a Draconian Chaos Knight on Mar 14, 2020.
             Was a Plaything of Xom.
             Slain by an ooze (2 damage)
             ... on level 1 of the Dungeon.
             The game lasted 00:01:12 (782 turns).

MrTaco21 the Skirmisher (Draconian Chaos Knight)     Turns: 782, Time: 00:01:14

Health: 0/33       AC:  5    Str: 15    XL:     3   Next: 33%
Magic:  3/3        EV: 12    Int: 12    God:    Xom [.....*]
Gold:   28         SH:  0    Dex: 10    Spells: 2/2 levels left

rFire    . . .     SeeInvis .   a - +0 hand axe (chaos)
rCold    . . .     Gourm    .   (no shield)
rNeg     . . .     Faith    .   (armour unavailable)
rPois    .         Spirit   .   (helmet restricted)
rElec    .         Reflect  .   (no cloak)
rCorr    .         Harm     .   (no gloves)
MR       .....                  (no boots)
Stlth    +.........             (no amulet)
HPRegen  0.11/turn              (no ring)
MPRegen  0.08/turn              (no ring)

@: no status effects
A: unfitting armour, cold-blooded, AC +5
a: Renounce Religion


You were on level 1 of the Dungeon.
You worshipped Xom.
You were Xom's teddy bear.
You were not hungry.

You visited 1 branch of the dungeon, and saw 1 of its levels.

You collected 28 gold pieces.

Inventory:

Hand Weapons
 a - a +0 hand axe of chaos (weapon)
Jewellery
 h - a cursed ring of attention {unknown}
Scrolls
 d - a scroll of remove curse {unknown}
 f - a scroll of identify {unknown}
 g - a scroll of random uselessness {unknown}
Potions
 c - a potion of heal wounds {unknown}
 e - a potion of degeneration {unknown}
Comestibles
 b - 4 rations


   Skills:
 + Level 3.7 Fighting
 + Level 3.5 Axes
 + Level 2.6 Dodging
 + Level 0.5 Stealth


You had 2 spell levels left.
You didn't know any spells.
Your spell library was empty.

Dungeon Overview and Level Annotations

Branches:
Dungeon (1/15)

Altars:


Innate Abilities, Weirdness & Mutations

Your plain brown scales are hard. (AC +5)
You cannot fit into any form of body armour.
You are cold-blooded and may be slowed by cold attacks.


Message History

The ooze is heavily wounded.
You hit the ooze. You freeze the ooze. You closely miss something.
You barely miss the giant cockroach. You hit the giant cockroach.
You kill the giant cockroach!
Something bites you.
* * * LOW HITPOINT WARNING * * *
The ooze hits you.
* * * LOW HITPOINT WARNING * * *
Something bites you but does no damage. The ooze hits you but does no damage.
The giant cockroach barely misses you. The ooze barely misses you.
The giant cockroach bites you.
* * * LOW HITPOINT WARNING * * *
You barely miss the ooze. You tail-slap the ooze.
The ooze is heavily wounded.
You hit the ooze. You burn the ooze. You barely miss something.
You closely miss the giant cockroach. x2; Something bites you.
* * * LOW HITPOINT WARNING * * *
Something bites you but does no damage. The ooze misses you. The ooze hits you.
You die...
Xom titters!

#######.......###.#.### #.#
#................###.# #.#
#.#####.......###.#.## #.#
#..................## #..
#..###############.# ###
####..#......ss.$...#.# #
#.....#....rJrrJ..$.#.# #
#.###.#....rsJJJr...#.########
#.# #.#######@#######.........
#.# #.#.....s){.....#.###.###.
#.# #.+⌠....###....⌠'.###.# #.
#.# #.#......<......#..##.# #.
#.# #.#..⌠...>...⌠..#..##.###.
#.# #.###+#######'###...(..##.
#.# #.................#.......
#.# ##..#.#)#......#.##.[..###
#.# #..##.###..........#.##


You could see 5 oozes, a quokka, 4 giant cockroaches and 4 rats.

Vanquished Creatures
  3 oozes (D:1)
  2 dart slugs (D:1)
  4 bats (D:1)
  A giant cockroach (D:1)
  A goblin (D:1)
  4 hobgoblins (D:1)
  2 jackals (D:1)
  A frilled lizard (D:1)
  2 kobolds (D:1)
  5 rats (D:1)
25 creatures vanquished.

Notes
Turn   | Place    | Note
-------+----------+-------------------------------------------
     0 | D:1      | MrTaco21 the Draconian Chaos Knight began the quest for the
                  | Orb.
     0 | D:1      | Reached XP level 1. HP: 19/19 MP: 1/1
     1 | D:1      | Found a runed translucent door.
   172 | D:1      | XOM: butterfly on damage
   173 | D:1      | Reached XP level 2. HP: 17/26 MP: 2/2
   210 | D:1      | XOM: harmless Conj miscast
   768 | D:1      | Reached XP level 3. HP: 25/33 MP: 3/3
   774 | D:1      | XOM: polymorph giant cockroach -> quokka
   780 | D:1      | XOM: god gift: 480 gold pieces
   782 | D:1      | Slain by an ooze

Levels and vault maps discovered:
D:1:      dpeg_arrival_caged_fury, layout_loops_ring

Action                   || total
-------------------------++-------
Melee: Hand axe          ||    71
       Tailslap          ||     7
 Stab: Sleeping          ||     2
       Paralysed         ||     1
Armor: Skin              ||    50
Dodge: Dodged            ||    48

Table legend:
 A = Non-vault XP
 B = Vault XP
 C = Vault XP percentage of total XP
 D = Non-vault monster count
 E = Vault monster count
 F = Vault count percentage of total count
                 A         B        C        D         E       F
            +---------+---------+-------+---------+---------+-------
      Total |      40 |      20 |  33.3 |      20 |       5 |  20.0
            +---------+---------+-------+---------+---------+-------
        D:1 |      40 |      20 |  33.3 |      20 |       5 |  20.0
            +---------+---------+-------+---------+---------+-------
